 Dungeon Crawl Stone Soup version 0.24.0-125-gc4c63601f3 (webtiles) character file.

Game seed: 6446969784480101288, levelgen mode: deterministic

971 Curus the Carver (level 7, -5/57 HPs)
             Began as a Minotaur Abyssal Knight on Feb 20, 2020.
             Was a Priest of Lugonu.
             Slain by an orc wizard
             ... wielding a +3 dagger of electrocution
              (19 damage)
             ... on level 5 of the Dungeon.
             The game lasted 00:14:51 (4639 turns).

Curus the Carver (Minotaur Abyssal Knight)          Turns: 4639, Time: 00:14:51

Health: -5/57      AC: 12    Str: 17    XL:     7   Next: 94%
Magic:  11/11      EV:  5    Int:  9    God:    Lugonu [***...]
Gold:   246        SH:  0    Dex: 11    Spells: 6/6 levels left

rFire    . . .     SeeInvis .   q - +0 great sword
rCold    + . .     Gourm    .   (shield currently unavailable)
rNeg     . . .     Faith    +   o - +0 plate armour
rPois    .         Spirit   .   (helmet restricted)
rElec    .         Reflect  .   n - +0 cloak
rCorr    .         Harm     .   (no gloves)
MR       .....                  (no boots)
Stlth    ..........             f - amulet of faith
HPRegen  0.19/turn              d - ring of protection from cold
MPRegen  0.12/turn              (no ring)

@: no status effects
A: retaliatory headbutt, horns 2
a: Depart the Abyss, Bend Space, Banish, Renounce Religion


You were on level 5 of the Dungeon.
You worshipped Lugonu.
Lugonu was most pleased with you.
You were very hungry.

You visited 1 branch of the dungeon, and saw 5 of its levels.
You visited the Abyss 1 time.

You collected 246 gold pieces.

Inventory:

Hand Weapons
 a - a +1 falchion
 q - a +0 great sword (weapon)
Armour
 b - a +0 leather armour
 e - a +0 ring mail
 g - a +0 scale mail
 i - a +0 chain mail
 n - a +0 cloak (worn)
 o - a +0 plate armour (worn)
Jewellery
 d - a ring of protection from cold (left hand)
 f - an amulet of faith (around neck)
 j - an uncursed ring of wizardry
Wands
 l - a wand of digging (1)
Scrolls
 h - 4 scrolls of identify
 m - 2 scrolls of teleportation
Potions
 k - a potion of agility
 p - a potion of curing
 r - a potion of cancellation
Comestibles
 c - 10 rations


   Skills:
 - Level 3.6 Fighting
 + Level 8.1 Long Blades
 - Level 2.4 Armour
 - Level 1.1 Dodging
 + Level 6.6 Invocations


You had 6 spell levels left.
You didn't know any spells.
Your spell library was empty.

Dungeon Overview and Level Annotations

Branches:
Dungeon (5/15)
 Temple: D:4-7

Altars:
Ashenzari
Kikubaaqudgha
Uskayaw
Yredelemnul


Innate Abilities, Weirdness & Mutations

You reflexively headbutt those who attack you in melee.
You have a pair of horns on your head.


Message History

The orc wizard hits you but does no damage.
You completely miss something. You headbutt something! Something hits you.
The orc wizard hits you but does no damage.
You hear some strange, mumbled words.
A magic dart appears from out of thin air!
The magic dart hits you.
The gnoll hits you from afar with a +0 halberd!
* * * LOW HITPOINT WARNING * * *
The orc wizard mumbles some strange words.
The orc wizard seems to speed up.
The gnoll hits you but does no damage.
The orc wizard hits you with a +0 dagger.
* * * LOW HITPOINT WARNING * * *
Something hits you but does no damage.
You see here a ring mail.
Something hits you but does no damage.
The orc wizard looks encouraged for a moment.
Something hits you but does no damage.
You miss something. Something hits you but does no damage.
You are electrocuted!!
You die... ##.# #..# .go

.# .#.# #..#
#.# ._
#..###[.#####
###)##.#.#.#
##..........#
#oo..o......
#...##..###.#
#o#)##.##.##
........# #)#
#[#.# #
#...#...# #.#
#g#..
..(.....# #.#
#{####
.####...# #.#
#@# . #####
#.# #.# .#
###.# #.# .#
##.#.# #.# .#
#.#..# ##.# .#
##.### #..# .#
#.# #.## .#
#.# #.# .####
#.#####.######


You could see 2 orc wizards, a gnoll and an orc.

Vanquished Creatures
  2 phantoms (D:4)
  2 ogres (D:4)
  A scorpion (D:4)
  A crimson imp (D:5)
  2 hounds (D:4)
  2 orc priests (D:3)
  A centaur skeleton (D:4)
  Crazy Yiuf (D:3)
  An iguana (D:4)
  3 orc wizards
  4 worker ants
  A gnoll (D:5)
  4 adders
  7 worms
  A dart slug (D:2)
  8 leopard geckos
  19 orcs
  2 giant cockroaches (D:4)
  8 goblins
  3 hobgoblins
  3 quokkas
  9 bats
  6 frilled lizards
  6 kobolds
  A leopard gecko skeleton (D:4)
  8 rats
  A spectral orc (D:2)
107 creatures vanquished.

Notes
Turn   | Place    | Note
-------+----------+-------------------------------------------
     0 | Abyss:1  | Curus the Minotaur Abyssal Knight began the quest for the
                  | Orb.
     0 | Abyss:1  | Reached XP level 1. HP: 19/19 MP: 1/1
     0 | Abyss:1  | Noticed a raiju
     1 | D:1      | Escaped the Abyss
    75 | D:1      | Reached * piety under Lugonu
   243 | D:1      | Reached XP level 2. HP: 26/26 MP: 2/2
   251 | D:1      | Reached skill level 3 in Long Blades
   849 | D:2      | Reached XP level 3. HP: 25/31 MP: 2/4
   892 | D:2      | Found an ancient bone altar of Kikubaaqudgha.
  1006 | D:2      | Reached ** piety under Lugonu
  1742 | D:2      | Found a basalt altar of Yredelemnul.
  1890 | D:3      | Reached skill level 4 in Long Blades
  1890 | D:3      | Reached XP level 4. HP: 39/39 MP: 5/5
  2226 | D:3      | Found a faded altar of an unknown god.
  2304 | D:3      | Reached XP level 5. HP: 33/45 MP: 6/6
  2650 | D:3      | Reached skill level 5 in Long Blades
  2721 | D:3      | Found a runed translucent door.
  2722 | D:3      | Noticed Crazy Yiuf
  2924 | D:3      | Reached *** piety under Lugonu
  3060 | D:3      | Killed Crazy Yiuf
  3122 | D:4      | Noticed a +0 dagger
  3123 | D:4      | Found a hide-covered altar of Uskayaw.
  3123 | D:4      | Noticed a +0 hand axe
  3213 | D:4      | Reached XP level 6. HP: 44/51 MP: 8/8
  3310 | D:4      | Reached skill level 6 in Long Blades
  3330 | D:4      | Reached skill level 5 in Invocations
  3454 | D:4      | Reached XP level 7. HP: 30/57 MP: 10/10
  3688 | D:4      | Reached skill level 7 in Long Blades
  4470 | D:5      | Entered Level 5 of the Dungeon
  4585 | D:5      | Reached skill level 8 in Long Blades
  4615 | D:5      | Found a shattered altar of Ashenzari.
  4639 | D:5      | Slain by an orc wizard

Levels and vault maps discovered:
D:1:      scummos_arrival_checkerplants, layout_loops_corners,
          chequers_serial_rivers_micro_d, minmay_misc_feat_five,
          bh_walls_and_bars
D:2:      minmay_skewed_foursquare, layout_basic, overflow_temple_1_default,
          yredelemnul_forgotten_temple_becter, first_ration
D:3:      layout_loops_ring, nicolae_overflow_hidden_temple,
          chequers_ecumenical_altar_twisty, kennysheep_path_1,
          skrybe_limestone_x, item_on_display_a, uniq_crazy_yiuf_cottage
D:4:      layout_cave_pods, dancing_weapons_uskayaw, minmay_joined_circles
D:5:      layout_loops_ring, kennysheep_little_box, grunt_temple_overflow_open,
          serial_shops, shop, ashenzari_altar_1, uniq_ijyb

Skill      XL: |  1  2  3  4  5  6  7 |
---------------+----------------------+-----
Invocations    | 2 3 4 5 6 |  6.6
Long Blades    | 3 4 5 6 8 |  8.1
Fighting       | |  3.6
Armour         | |  2.4
Dodging        | |  1.1

Action                   |  1- 3 |  4- 6 |  7- 9 || total
-------------------------+-------+-------+-------++-------
Melee: Falchion          |   123 |   143 |       ||   266
       Headbutt          |    12 |    28 |    18 ||    58
       Great sword       |       |    17 |    52 ||    69
Invok: Depart the Abyss  |     1 |       |       ||     1
  Use: Potion            |     4 |     2 |     1 ||     7
       Scroll            |     3 |     3 |       ||     6
  Eat: Chunk             |     3 |     5 |     3 ||    11
Armor: Leather armour    |     4 |       |       ||     4
       Ring mail         |    17 |       |       ||    17
       Scale mail        |     8 |     7 |       ||    15
       Chain mail        |       |    47 |       ||    47
       Plate armour      |       |    15 |    46 ||    61
Dodge: Dodged            |    45 |    51 |    18 ||   114
       Rpst.: Falchion   |    13 |    15 |       ||    28
       Great sword       |       |     2 |     6 ||     8
